 Dungeon Crawl Stone Soup version 0.28-a0-1404-g4df0f3684d (webtiles) character file.

Game seed: 8577697722294657121

3136 snetch the Covert (level 9, -17/58 HPs)
             Began as a Felid Berserker on Jan 5, 2022.
             Was a Priest of Trog.
             Demolished by a death knight (34 damage)
             ... on level 7 of the Dungeon.
             The game lasted 00:32:58 (10749 turns).

snetch the Covert (Felid Berserker)                Turns: 10749, Time: 00:32:58

Health: -17/58     AC:  2    Str: 19    XL:     9   Next: 61%
Magic:  10/10      EV: 23    Int:  9    God:    Trog [***...]
Gold:   414        SH:  0    Dex: 19    Spells: 8/8 levels left
                                        Lives:  0   Deaths: 2

rFire   . . .      SeeInvis +     - Unarmed
rCold   . . .      Faith    .   (shield unavailable)
rNeg    . . .      Spirit   .   (armour unavailable)
rPois   .          Reflect  .   (helmet unavailable)
rElec   .          Harm     .   (cloak unavailable)
rCorr   +          Rampage  .   (gloves unavailable)
Will    +....                   (boots unavailable)
Stlth   ..........              (no amulet)
HPRegen 0.19/turn               m - +6 ring of strength
MPRegen 0.12/turn               z - ring of resist corrosion

@: berserking, very quick
A: very small, claws 1, fangs 3, see invisible, speed 1, shaggy fur 2, stealthy
paws, no weapons or thrown items, no armour, multi-lived
a: Renounce Religion, Berserk, Trog's Hand


You were on level 7 of the Dungeon.
You worshipped Trog.
Trog was most pleased with you.
You visited 2 branches of the dungeon, and saw 9 of its levels.
You also visited: Bailey.

You collected 554 gold pieces.
You spent 140 gold pieces at shops.

Inventory:

Missiles
 d - 143 stones
Jewellery
 m - a +6 ring of strength (left paw)
 z - a ring of resist corrosion (right paw)
Wands
 r - a wand of paralysis (11)
 x - a wand of digging (5)
Scrolls
 a - a scroll of silence {unknown}
 b - a scroll of immolation {unknown}
 e - a scroll of holy word
 f - 3 scrolls of identify
 i - a scroll of fear {unknown}
 j - 2 scrolls of enchant armour {unknown}
 t - 2 scrolls of blinking {unknown}
 v - 2 scrolls of teleportation {unknown}
 y - a scroll of magic mapping
 A - 3 scrolls of amnesia {unknown}
Potions
 c - 2 potions of berserk rage {unknown}
 g - 7 potions of curing
 h - a potion of flight
 k - 2 potions of cancellation {unknown}
 l - a potion of degeneration {unknown}
 n - 5 potions of heal wounds {unknown}
 o - 3 potions of mutation {unknown}
 p - a potion of attraction {unknown}
 q - a potion of magic {unknown}
 s - a potion of resistance {unknown}
 u - a potion of lignification {unknown}
 w - 2 potions of brilliance {unknown}


   Skills:
 + Level 4.4 Fighting
 + Level 8.3 Dodging
 + Level 11.4 Stealth
 + Level 10.9 Unarmed Combat


You had 8 spell levels left.
You didn't know any spells.
Your spell library contained the following spells:

 Spells                   Type           Power      Damage    Failure   Level
 Sting                    Tmut/Pois      0%         1d3       38%         1
 Blink                    Tloc           0%         N/A       52%         2
 Poisonous Vapours        Pois/Air       0%         N/A       52%         2
 Olgreb's Toxic Radiance  Pois           0%         N/A       99%         4
 Manifold Assault         Tloc           0%         N/A       100%        5
 Storm Form               Tmut/Air       0%         N/A       100%        7


Dungeon Overview and Level Annotations

Branches:
Dungeon (8/15)             Temple (1/1) D:6          Bailey (visited)
   Lair: D:8-11

Altars:
Ashenzari
Cheibriados
Dithmenos
Elyvilon
Gozag
Hepliaklqana
Kikubaaqudgha
Makhleb
Nemelex Xobeh
Okawaru
Qazlal
Ru
Sif Muna
Trog
Uskayaw
Vehumet
Wu Jian
Xom
Yredelemnul
Zin
The Shining One

Shops:
D:3 !


Innate Abilities, Weirdness & Mutations

You have sharp claws.
You have razor-sharp teeth.
You have supernaturally acute eyesight. (SInv)
You cover ground quickly. (Speed+)
You are covered in thick fur. (AC +2)
Your paws help you pounce on unaware monsters.
You are incapable of wielding weapons or throwing items.
You cannot wear armour.
You gain extra lives every three experience levels.


Message History

You see here a +0 hand axe.
You feel the effects of Trog's Hand fading.
Your skin stops crawling.
You feel less strong-willed. The death knight misses you.
There is a stone staircase leading up here.
The death knight completely misses you.
You climb upwards.
There is a stone staircase leading down here.
The death knight calls down the wrath of Yredelemnul upon you.
You resist with significant effort.
The death knight calls down the wrath of Yredelemnul upon you.
Your body is wracked with pain!
You feel yourself speed up.
You recover from your berserk rage.
There is a stone staircase leading up here.
You climb upwards.
There is a stone staircase leading down here.
You start resting.
HP restored.
You climb downwards.
There is a stone staircase leading up here.
A red film seems to cover your vision as you go berserk!
You feel yourself moving faster!
You feel mighty!
The death knight hits you with a +0 morningstar!
You claw the death knight! Your bite misses the death knight.
The death knight is lightly wounded.
You scratch the death knight but do no damage.
Your bite misses the death knight.
The death knight is lightly wounded.
The death knight hits you with a +0 morningstar!!
Ouch! That really hurt!
* * * LOW HITPOINT WARNING * * *
You closely miss the death knight. Your bite misses the death knight.
The death knight is lightly wounded.
Unknown command.
You mangle the death knight!!
The death knight is moderately wounded.
The death knight hits you with a +0 morningstar!!
Ouch! That really hurt!
You die...

.....≈♣≈...♣...# #.....
..##..P♣..P..#.# #.####
....#.......##.#############.#
......########...............#
........)...######.##############
...##.#####.# ##.##########...#
......# #.# #...............#
..#>..#####.#####<###.#######...#
..#............p@.# #......###.##
............#####.###.####.# #.##
..####................# #.# #.##
..# #####..#########.# #.# #.##
..########p.# #.# #.# #.##
.......p....# #.# #.# #...
.#########.## #.# #.# #..# .# #.#
#.# #.# #..# .# #.##########.#
#.###...


You could see a death knight.

Vanquished Creatures
  A two-headed ogre (D:8)
  A basilisk (D:8)
  A steam dragon (D:7)
  A water moccasin (D:3)
  A black bear (D:6)
  4 orc warriors
  An ice beast (D:5)
  A sky beast (D:5)
  A necrophage (D:5)
  4 centaurs
  3 phantoms
  3 scorpions
  2 water moccasin skeletons (D:5)
  6 wights
  A howler monkey (D:5)
  A crimson imp (D:6)
  2 centaur zombies
  5 hounds
  A centaur skeleton (D:7)
  An orc priest (D:6)
  2 gnoll shamans
  2 jellies
  7 iguanas
  3 orc wizards
  A scorpion zombie (D:5)
  A hound skeleton (D:4)
  2 howler monkey zombies
  13 gnolls
  5 adders
  2 white imps
  2 ufetubi
  An adder zombie (D:3)
  A worm (D:2)
  4 dart slugs
  35 orcs
  2 bats (D:2)
  3 endoplasms
  A giant cockroach (D:3)
  11 goblins
  12 hobgoblins
  5 jackals
  2 quokkas
  11 ball pythons
  3 goblin zombies (D:6)
  4 hobgoblin zombies (D:6)
  9 kobolds
  2 kobold zombies (D:6)
  3 orc skeletons (D:6)
  An orc zombie (D:6)
  6 rats
197 creatures vanquished.

Vanquished Creatures (collateral kills)
  An orc knight (Bailey)
1 creature vanquished.

Grand Total: 198 creatures vanquished

Notes
Turn   | Place    | Note
-------+----------+-------------------------------------------
     0 | D:1      | snetch the Felid Berserker began the quest for the Orb.
     0 | D:1      | Reached XP level 1. HP: 10/10 MP: 2/2
   461 | D:1      | Reached XP level 2. HP: 14/14 MP: 3/3
   493 | D:3      | Found a snail-covered altar of Cheibriados.
  1011 | D:2      | Reached XP level 3. HP: 11/17 MP: 4/4
  1397 | D:3      | Reached skill level 1 in Stealth
  1581 | D:2      | Reached ** piety under Trog
  1618 | D:2      | Found a faded altar of an unknown god.
  1748 | D:3      | Found Kaecin's Distillery.
  1762 | D:3      | Bought a potion of curing for 42 gold pieces
  1762 | D:3      | Bought a potion of flight for 42 gold pieces
  1875 | D:4      | Reached XP level 4. HP: 15/21 MP: 5/5
  2285 | D:3      | Reached skill level 2 in Stealth
  2295 | D:3      | Slain by a gnoll
  2296 | D:3      | Reached XP level 3. HP: -2/13 MP: 4/4
  2346 | D:3      | Reached skill level 5 in Dodging
  2346 | D:3      | Reached XP level 4. HP: 12/21 MP: 5/5
  2607 | D:4      | Reached XP level 5. HP: 24/24 MP: 6/6
  2763 | D:3      | Found an ancient bone altar of Kikubaaqudgha.
  2801 | D:3      | Reached skill level 5 in Unarmed Combat
  2811 | D:3      | Found a white marble altar of Elyvilon.
  3301 | D:3      | Noticed a water moccasin
  3318 | D:3      | Killed a water moccasin
  3319 | D:3      | Reached skill level 3 in Stealth
  3569 | D:3      | Found a burning altar of Makhleb.
  3662 | D:3      | Bought a potion of might for 56 gold pieces
  3845 | D:4      | Gained mutation: You are covered in thick fur. (AC +2)
                  | [Felid growth]
  3845 | D:4      | Reached XP level 6. HP: 28/28 MP: 7/7
  3896 | D:5      | Entered Level 5 of the Dungeon
  4021 | D:4      | Reached skill level 4 in Stealth
  4310 | D:4      | Found a shimmering blue altar of Sif Muna.
  4341 | D:4      | Reached *** piety under Trog
  4627 | D:4      | Found a basalt altar of Yredelemnul.
  5035 | D:5      | Reached XP level 7. HP: 31/31 MP: 8/8
  5433 | D:5      | Reached skill level 5 in Stealth
  5904 | D:5      | Reached XP level 8. HP: 36/36 MP: 9/9
  5921 | D:5      | Reached skill level 6 in Stealth
  6680 | D:6      | Found a staircase to the Ecumenical Temple.
  6897 | D:6      | Reached skill level 7 in Stealth
  7605 | D:6      | Found a glowing golden altar of the Shining One.
  7702 | D:6      | Reached **** piety under Trog
  7834 | D:7      | Reached skill level 8 in Stealth
  7928 | D:7      | Found a flagged portal.
  7949 | Bailey   | Entered a bailey
  8291 | Bailey   | Reached XP level 9. HP: 39/39 MP: 10/10
  8355 | Bailey   | Noticed an orc knight
  8394 | Bailey   | Mangled by an orc knight
  8395 | Bailey   | Reached XP level 8. HP: -7/36 MP: 9/9
  8408 | Bailey   | Killed an orc knight
  8409 | Bailey   | Reached skill level 9 in Stealth
  8459 | Bailey   | Identified the +0 pair of gloves of Irixoes {Will+}
  8461 | Bailey   | Identified the +3 plate armour of Wiriduos {*Slow +Inv
                  | rPois Int+4}
  8838 | D:6      | Reached skill level 10 in Unarmed Combat
  9302 | Temple   | Entered the Ecumenical Temple
  9798 | D:7      | Identified the +3 leather armour "Wics" {Fly Int+4 Dex+2}
  9892 | D:8      | Reached skill level 10 in Stealth
 10038 | D:7      | Reached XP level 9. HP: 39/39 MP: 10/10
 10141 | D:8      | Noticed a two-headed ogre
 10154 | D:8      | Killed a two-headed ogre
 10155 | D:8      | Reached skill level 11 in Stealth
 10540 | D:8      | Noticed a death knight
 10749 | D:7      | Demolished by a death knight

Illustrated notes

Levels and vault maps discovered:
D:1:      dpeg_arrival_radiant, layout_basic
D:2:      layout_loops_ring, nicolae_ecumenical_snake_handling
D:3:      cheibrodos_greedy_goblins, layout_loops_ring, lightli_temple_of_fire,
          mainiacjoe_overflow_small_starburst, mainiacjoe_overflow_alcove_1,
          marbit_many_paths, serial_shops, shop
D:4:      layout_basic, kennysheep_mini, lemuel_crystal_altar
D:5:      layout_loops_corners
D:6:      layout_loops_ring, nicolae_tso_besieged_by_evil, temple_statues,
          serial_bayou_crossing
D:7:      layout_loops_ring, enter_bailey_3, serial_bayou_pond_a
D:8:      minmay_the_grid_four_pointed_star
          [minmay_the_grid_triangle_9x9_tough_junction,
          minmay_the_grid_triangle_9x9_stretched_checkered,
          minmay_the_grid_triangle_9x9_odd_lines,
          minmay_the_grid_triangle_9x9_fully_insulated_deathbox,
          minmay_the_grid_prize_shrinking_boxes], layout_cave_pools,
          mainiacjoe_overflow_brackets, minmay_tree_intersection
Temple:   minmay_temple_curvy_branch

Skill      XL: |  1  2  3  4  5  6  7  8  9 |
---------------+----------------------------+-----
Stealth        | 1 2 3 4 5 10 11 | 11.4
Unarmed Combat | 4 5 6 7 10 | 10.9
Dodging        | 5 6 7 8 |  8.3
Fighting       | 4 |  4.4

Action                   |  1- 3 |  4- 6 |  7- 9 || total
-------------------------+-------+-------+-------++-------
Melee: Unarmed           |   110 |   133 |   270 ||   513
       Bite              |    12 |    11 |    32 ||    55
       Punch             |     5 |     5 |    23 ||    33
Invok: Berserk           |     4 |     5 |    12 ||    21
       Trog's Hand       |     1 |     1 |     2 ||     4
       Brothers in Arms  |       |       |     1 ||     1
  Use: Potion            |       |     1 |       ||     1
       Scroll            |       |       |     3 ||     3
 Stab: Sleeping          |     5 |     7 |    33 ||    45
       Distracted        |       |       |     1 ||     1
Armor: Skin              |     4 |       |     8 ||    12
Dodge: Dodged            |    80 |    90 |   161 ||   331

Table legend: (Time is in decaauts)
 A = Elapsed time spent in this place.
 B = Non-inter-level travel time spent in this place.
 C = Inter-level travel time spent in this place.
 D = Time resting spent in this place.
 E = Time spent auto-exploring this place.
 F = Levels seen in this place.
 G = Mean time per level.
                   A        B        C        D        E       F      G
               +--------+--------+--------+--------+--------+-----+--------+
         Total |   9680 |   9272 |    408 |    991 |   6184 |  10 |  968.0 |
       Dungeon |   8710 |   8306 |    404 |    809 |   5664 |   8 | 1088.8 |
        Temple |    204 |    201 |      3 |      0 |    200 |   1 |  204.0 |
        Bailey |    764 |    764 |      0 |    182 |    319 |   1 |  764.0 |
               +--------+--------+--------+--------+--------+-----+--------+

Top non-repeatable levels by time:
     D:5: 1897 daAuts
     D:3: 1380 daAuts
     D:6: 1235 daAuts
     D:4: 1179 daAuts
     D:2: 1087 daAuts
     D:1: 811 daAuts
     D:7: 780 daAuts
  Bailey: 764 daAuts
     D:8: 338 daAuts
  Temple: 204 daAuts
